 Dungeon Crawl Stone Soup version 0.29.0-4-gdea44cf6ec (webtiles) character file.

Game seed: 9543000366280464725

128 qw the Sneak (level 5, -8/32 HPs)
             Began as a Gargoyle Delver on Sept 10, 2022.
             Killed by divine providence
             ... invoked by an orc priest
              (9 damage)
             ... on level 3 of the Dungeon.
             The game lasted 00:01:23 (3034 turns).

qw the Sneak (Gargoyle Delver)                      Turns: 3034, Time: 00:01:24

Health: -8/32      AC:  7    Str: 18    XL:     5   Next: 12%
Magic:  5/5        EV: 11    Int: 10    God:
Gold:   197        SH:  0    Dex: 11    Spells: 4/4 levels left

rFire   . . .      SeeInvis .   Y - +0 hand axe
rCold   . . .      Faith    .   (no shield)
rNeg    + . .      Spirit   .   b - +0 leather armour
rPois   inf        Reflect  .   (no helmet)
rElec   +          Harm     .   (no cloak)
rCorr   .          Rampage  .   (no gloves)
Will    .....                   (no boots)
Stlth   +++.......              (no amulet)
HPRegen 0.10/turn               (no ring)
MPRegen 0.09/turn               (no ring)

@: no status effects
A: sickness immunity, AC +4, negative energy resistance 1, electricity
resistance, torment resistance 1, petrification resistance
a: no special abilities


You were on level 3 of the Dungeon.
You visited 1 branch of the dungeon, and saw 5 of its levels.

You collected 197 gold pieces.


Innate Abilities, Weirdness & Mutations

You are immune to sickness and miasma.
Your stone body is resilient. (AC +4)
You are immune to poison.
You resist negative energy. (rN+)
You are resistant to electric shocks. (rElec)
You are resistant to unholy torment.
You are immune to petrification.


   Skills:
 - Level 3.2 Fighting
 + Level 4.7 Axes
 - Level 1.5 Dodging
 - Level 5.4 Stealth


You had 4 spell levels left.
You didn't know any spells.
Your spell library was empty.

Inventory:

Hand Weapons
 j - a +0 flail
 Y - a +0 hand axe (weapon)
Armour
 b - a +0 leather armour (worn)
 m - a +1 pair of boots
 p - a +0 ring mail
 s - a +0 helmet
Jewellery
 n - a ring of protection from fire
Wands
 g - a wand of digging (3)
Scrolls
 d - 2 scrolls of identify
 l - a scroll of poison {unknown}
 o - 3 scrolls of immolation {unknown}
 r - a scroll of brand weapon {unknown}
Potions
 a - a potion of berserk rage {unknown}
 c - a potion of heal wounds {unknown}
 e - a potion of might {unknown}
 f - 3 potions of haste
 h - a potion of curing {unknown}
 i - a potion of lignification {unknown}
 k - a potion of degeneration {unknown}
 q - a potion of mutation {unknown}

Dungeon Overview and Level Annotations

Branches:
Dungeon (5/15)
 Temple: D:4-7

Altars:
Zin


Message History

You hit the adder.
The adder is moderately wounded.
The adder bites you.
You closely miss the adder.
The adder is moderately wounded.
The adder barely misses you.
You closely miss the adder.
The adder is moderately wounded.
The adder misses you. The adder bites you but does no damage.
You miss the adder.
The adder is moderately wounded.
The adder misses you.
You hit the adder.
The adder is severely wounded.
The adder bites you. The adder bites you but does no damage.
You hit the adder.
You kill the adder!
You start resting.
HP restored.
An endoplasm comes into view.
An orc priest comes into view. It is wielding a +1 mace of protection.
An orc comes into view.
It is wielding a +1 short sword of venom.
An orc comes into view. It is wielding a +0 trident.
An orc comes into view. It is wielding a +0 vorpal mace.
The orc shouts! x2
The orc priest calls down the wrath of Beogh upon you.
Beogh smites you!
Ouch! That really hurt!
The endoplasm quivers.
The endoplasm freezes you.
You are frozen.
You slash the endoplasm!
You kill the endoplasm!
The orc priest invokes the aid of Beogh against you.
Beogh smites you! The orc priest barely misses you.
You closely miss the orc priest.
The orc priest calls down the wrath of Beogh upon you.
Beogh smites you!
You die...

#.# ### #.#
#.# #.# #.#
#o# #####.#
#o# #.>...#
#o# #.#####
#o# #.# #@#
#.# #.# #.#
#.# #.# #.#
#.# #.# #.#
#.# #.# #.#
#.# #.# #.#
#.#
#.############


You could see an orc priest and 3 orcs.

Vanquished Creatures
  3 gnolls (D:2)
  4 adders
  A dart slug (D:1)
  3 ball pythons
  6 bats
  7 endoplasms
  2 giant cockroaches (D:1)
  5 hobgoblins
  6 jackals
  A quokka (D:1)
  3 frilled lizards
  8 goblins
  7 kobolds
  6 rats
62 creatures vanquished.

Vanquished Creatures (others)
  5 demonic plants (D:1)
  3 fungi (D:1)
  9 plants
  A withered plant (D:1)
18 creatures vanquished.

Grand Total: 80 creatures vanquished

Notes
Turn   | Place    | Note
-------+----------+-------------------------------------------
     0 | D:5      | qw the Gargoyle Delver began the quest for the Orb.
     0 | D:5      | Reached XP level 1. HP: 14/14 MP: 1/1
     0 | D:5      | 0 ||| qw: Version: 0.1-a-116-g5d60599
     0 | D:5      | 0 ||| qw: Game counter: 8379
     0 | D:5      | 0 ||| qw: Always use a shield: true
     0 | D:5      | 0 ||| qw: God list: Okawaru
     0 | D:5      | 0 ||| qw: Allow faded altars: false
     0 | D:5      | 0 ||| qw: Do Orc after D:15 true
     0 | D:5      | 0 ||| qw: Do second Lair branch before Depths: true
     0 | D:5      | 0 ||| qw: Lair rune preference: random
     0 | D:5      | 0 ||| qw: Plans: Normal
     0 | D:5      | 0 ||| PLANNING D:1-11
     0 | D:5      | 0 ||| DROPPING scroll of fog.
     1 | D:5      | 1 ||| DROPPING scroll of magic mapping.
     2 | D:5      | 2 ||| DROPPING scroll of fear.
    58 | D:4      | 58 ||| Stepping ~*~*~tactically~*~*~ (stealth).
    59 | D:4      | 59 ||| Stepping ~*~*~tactically~*~*~ (stealth).
   119 | D:3      | 119 ||| DROPPING scarf of shadows.
   181 | D:2      | Reached XP level 2. HP: 11/19 MP: 2/2
   186 | D:2      | Reached skill level 3 in Axes
   186 | D:2      | Reached XP level 3. HP: 6/23 MP: 3/3
   186 | D:2      | HP: 4/23 [gnoll/+0 club (3)]
   187 | D:2      | HP: 1/23 [gnoll/+0 club (3)]
   714 | D:2      | Found a glowing silver altar of Zin.
   746 | D:2      | 746 ||| READING scroll labelled TORARA MOTT.
   796 | D:1      | Reached XP level 4. HP: 23/28 MP: 4/4
  1123 | D:1      | 1123 ||| Stepping ~*~*~tactically~*~*~ (stealth).
  1281 | D:1      | Found a faded altar of an unknown god.
  1285 | D:1      | 1285 ||| Stepping ~*~*~tactically~*~*~ (stealth).
  1286 | D:1      | 1286 ||| Stepping ~*~*~tactically~*~*~ (stealth).
  1315 | D:1      | 1315 ||| Stepping ~*~*~tactically~*~*~ (stealth).
  1316 | D:1      | 1316 ||| Stepping ~*~*~tactically~*~*~ (stealth).
  1318 | D:1      | 1318 ||| Stepping ~*~*~tactically~*~*~ (stealth).
  1815 | D:1      | 1815 ||| READING scroll labelled XAEGASHYBRY.
  2010 | D:2      | 2010 ||| DROPPING +0 whip.
  2621 | D:3      | 2621 ||| Stepping ~*~*~tactically~*~*~ (stealth).
  2623 | D:3      | 2623 ||| Stepping ~*~*~tactically~*~*~ (stealth).
  2814 | D:3      | Reached XP level 5. HP: 32/32 MP: 5/5
  2847 | D:3      | 2847 ||| Stepping ~*~*~tactically~*~*~ (stealth).
  3032 | D:3      | HP: 1/32 [orc priest/divine providence (13)]
  3034 | D:3      | Killed from afar by an orc priest

Levels and vault maps discovered:
D:1:      dpeg_arrival_tiny_k, layout_basic, shapermc_ecumenical_altar_gd
D:2:      layout_basic, basic_altar, roderic_lattice_a, nicolae_grassy_gnolls
D:3:      layout_loops_ring, lightli_temple_of_fire
D:4:      layout_cave_pools
D:5:      layout_rooms, lemuel_tele_altar, minmay_temple_entry_poolview,
          uniq_blork_the_orc

Skill      XL: |  1  2  3  4 |
---------------+-------------+-----
Axes           | 2 3 4 |  4.7
Fighting       | |  3.2
Dodging        | |  1.5
Stealth        | |  5.4

Action                   |  1- 3 |  4- 6 || total
-------------------------+-------+-------++-------
Melee: Hand axe          |    64 |   156 ||   220
       Punch             |       |     1 ||     1
  Use: Scroll            |     1 |     1 ||     2
 Stab: Sleeping          |     1 |     6 ||     7
       Distracted        |     1 |     1 ||     2
Armor: Leather armour    |    26 |    52 ||    78
Dodge: Dodged            |    42 |    82 ||   124

Table legend:
 A = Non-vault XP
 B = Vault XP
 C = Vault XP percentage of total XP
 D = Non-vault monster count
 E = Vault monster count
 F = Vault count percentage of total count
                 A         B        C        D         E       F
            +---------+---------+-------+---------+---------+-------
      Total |     142 |      42 |  22.8 |      59 |       3 |   4.8
            +---------+---------+-------+---------+---------+-------
        D:1 |      48 |       0 |   0.0 |      27 |       0 |   0.0
        D:2 |      43 |      42 |  49.4 |      15 |       3 |  16.7
        D:3 |      47 |       0 |   0.0 |      15 |       0 |   0.0
        D:4 |       4 |       0 |   0.0 |       2 |       0 |   0.0
            +---------+---------+-------+---------+---------+-------
